AoeStats
← Kuaför Sabit Akkaya

Lombardia

510200443Analyzed
3v3 RM · 1d ago on Sep 29, 2026· 167m 27s· 6 players
Game mode
Random Map
Map size
Normal (6 player)
Population
200
Speed
Normal
Resources
Standard
Victory
Conquest
Starting age
Dark Age
Ending age
Imperial Age
RankedLock teamsTeams togetherTeam positionsShared explorationLock speedFull tech treeHidden civsTurbo modeCheats
Victory
Defeat
🇦🇷 Gurjaras · Argentina
1471
+15
🇦🇷 Saxons · Argentina
1406
+18
🇦🇷 Persians · Argentina
1391
+19
🇹🇷 Italians · Türkiye
1457
-18
🇹🇷 Franks · Türkiye
1456
-18
🇹🇷 Hindustanis · Türkiye
1419
-16
CTM | El Inadecuado
8:22 Loom
10:08 Feudal Age
14:30 Castle Age
12:53 Double-Bit Axe
17:25 Horse Collar
24:04 Bow Saw
25:43 Wheelbarrow
29:54 Heavy Plow
34:22 Imperial Age
32:06 Scale Mail Armor
33:39 Chain Mail Armor
33:34 Forging
34:28 Shield Wall
34:37 Capped Ram
35:49 Conscription
36:01 Plate Mail Armor
35:10 Pikeman
35:50 Squires
36:27 Iron Casting
36:59 Halberdier
39:19 Siege Ram
44:07 Elite Hearth Troop
44:24 Heavy Scorpion
47:14 Chemistry
46:35 Ballistics
47:54 Arson
52:11 Caravan
57:07 Siege Engineers
61:42 Two-Man Saw
62:15 Masonry
64:28 Elite Varangian Guard
64:54 Gambesons
68:31 Guilds
68:52 Coinage
73:30 Heavy Mounted Crossbowman
73:31 Cranequins
74:03 Fletching
74:13 Padded Archer Armor
74:35 Thumb Ring
73:55 Crossbowman
74:39 Bodkin Arrow
74:25 Arbalester
75:49 Leather Archer Armor
76:35 Bracer
78:01 Ring Archer Armor
79:00 Scale Barding Armor
80:47 Banking
94:26 Cranequins
96:06 Chain Barding Armor
131:23 Bloodlines
131:13 Husbandry
134:45 Light Cavalry
135:41 Hussar
139:37 Hand Cart
144:24 Guard Tower
144:20 Arrowslits
147:18 Keep
164:56 Fortified Wall
J.AVI
9:08 Feudal Age
7:24 Loom
11:01 Double-Bit Axe
11:57 Wheelbarrow
17:44 Castle Age
17:37 Scale Barding Armor
19:53 Horse Collar
40:41 Bloodlines
41:50 Chain Barding Armor
43:49 Husbandry
49:32 Imperial Age
48:16 Forging
50:46 Iron Casting
50:34 Heavy Camel Rider
53:05 Gold Mining
53:35 Caravan
54:52 Plate Barding Armor
55:03 Conscription
55:48 Kshatriyas
55:18 Light Cavalry
58:04 Frontier Guards
59:45 Hand Cart
59:40 Heavy Plow
62:03 Bow Saw
62:40 Hussar
63:51 Siege Elephant
70:18 Crop Rotation
73:45 Town Watch
76:29 Elite Shrivamsha Rider
82:34 Coinage
95:11 Fletching
96:19 Bodkin Arrow
105:36 Masonry
105:39 Fortified Wall
112:14 Heavy Scorpion
113:18 Ballistics
119:38 Chemistry
119:12 Architecture
123:19 Banking
135:20 Scale Mail Armor
153:53 Elite Chakram Thrower
154:57 Chain Mail Armor
159:10 Onager
Ministro ChocoArroz
11:34 Feudal Age
13:11 Loom
15:48 Castle Age
13:59 Horse Collar
14:34 Double-Bit Axe
23:35 Wheelbarrow
24:59 Scale Barding Armor
25:05 Forging
25:49 Bloodlines
25:39 Husbandry
26:18 Husbandry
29:02 Hand Cart
28:58 Bow Saw
28:51 Heavy Plow
29:41 Chain Barding Armor
31:23 Forging
31:14 Fletching
34:17 Bodkin Arrow
37:00 Imperial Age
37:08 Gold Mining
37:08 Stone Mining
36:49 Cavalier
38:06 Plate Barding Armor
39:10 Savar
41:15 Conscription
42:05 Iron Casting
45:39 Citadels
45:29 Kamandaran
47:26 Crop Rotation
48:01 Two-Man Saw
47:21 Town Watch
51:52 Hoardings
52:19 Blast Furnace
51:42 Ballistics
52:23 Chemistry
51:33 Masonry
51:46 Caravan
54:19 Padded Archer Armor
57:02 Light Cavalry
59:59 Hussar
70:00 Architecture
76:18 Elite War Elephant
93:38 Murder Holes
109:37 Guilds
110:40 Heavy Camel Rider
127:56 Coinage
137:52 Banking
Kuaför Sabit Akkaya
6:20 Loom
8:57 Feudal Age
13:31 Double-Bit Axe
15:20 Bloodlines
15:48 Horse Collar
19:38 Wheelbarrow
18:59 Gold Mining
22:06 Castle Age
20:34 Scale Barding Armor
24:07 Hand Cart
24:19 Husbandry
25:50 Forging
26:00 Chain Barding Armor
27:57 Gold Shaft Mining
28:14 Iron Casting
32:05 Stone Mining
36:49 Bow Saw
41:53 Imperial Age
40:21 Stone Shaft Mining
39:46 Scale Mail Armor
41:10 Town Watch
41:23 Light Cavalry
42:16 Heavy Camel Rider
42:17 Hussar
44:15 Conscription
44:13 Town Patrol
44:54 Imperial Camel Rider
45:57 Squires
45:44 Arson
46:42 Elite Ghulam
48:36 Plate Barding Armor
52:51 Blast Furnace
51:57 Grand Trunk Road
52:02 Caravan
54:06 Fortified Wall
55:54 Hoardings
55:37 Chain Mail Armor
56:30 Heavy Plow
60:07 Pikeman
62:26 Two-Man Saw
61:37 Masonry
66:12 Ballistics
66:53 Chemistry
65:53 Murder Holes
71:50 Fletching
72:00 Padded Archer Armor
72:31 Thumb Ring
72:27 Bodkin Arrow
77:15 Shatagni
86:45 Guard Tower
86:35 Elite Skirmisher
88:55 Bracer
89:10 Leather Archer Armor
107:50 Siege Elephant
111:18 Ring Archer Armor
143:56 Onager
OUTPOST ENJOYER
4:54 Loom
9:29 Feudal Age
11:20 Wheelbarrow
12:50 Double-Bit Axe
13:22 Fletching
16:10 Horse Collar
18:16 Town Watch
21:03 Castle Age
20:34 Gold Mining
21:43 Bodkin Arrow
21:10 Crossbowman
22:24 Bow Saw
23:25 Hand Cart
30:43 Ballistics
33:25 Padded Archer Armor
33:26 Heavy Plow
38:22 Imperial Age
36:04 Masonry
36:59 Leather Archer Armor
37:18 Coinage
37:08 Murder Holes
39:05 Bracer
40:06 Two-Man Saw
39:56 Crop Rotation
39:57 Ring Archer Armor
39:03 Arbalester
40:07 Town Patrol
40:31 Conscription
40:00 Elite Genoese Crossbowman
40:18 Capped Ram
44:00 Thumb Ring
45:15 Pikeman
45:55 Squires
45:56 Scale Mail Armor
46:07 Forging
47:17 Chemistry
46:48 Architecture
47:42 Chain Mail Armor
48:04 Iron Casting
48:34 Pirotechnia
49:01 Hoardings
49:07 Plate Mail Armor
48:24 Arson
49:50 Banking
49:31 Guilds
52:09 Silk Road
54:39 Caravan
63:47 Guard Tower
63:42 Arrowslits
71:23 Fortified Wall
75:00 Keep
115:15 Treadmill Crane
133:19 Herbal Medicine
obezitekaan
7:11 Loom
9:58 Feudal Age
18:24 Wheelbarrow
17:36 Double-Bit Axe
22:30 Castle Age
21:34 Gold Mining
22:02 Scale Barding Armor
22:33 Forging
22:35 Light Cavalry
23:38 Chain Barding Armor
23:56 Husbandry
25:42 Iron Casting
27:58 Bow Saw
42:44 Imperial Age
42:50 Cavalier
45:28 Paladin
47:30 Conscription
48:15 Gold Shaft Mining
47:31 Stone Mining
49:22 Plate Barding Armor
49:48 Blast Furnace
49:04 Hand Cart
49:20 Chivalry
52:45 Fortified Wall
54:42 Ordonnance Companies
59:39 Caravan
59:32 Cranequins
60:04 Fletching
60:14 Padded Archer Armor
60:02 Town Watch
61:03 Heavy Mounted Crossbowman
64:24 Ballistics
65:04 Chemistry
64:02 Bodkin Arrow
64:22 Leather Archer Armor
79:54 Town Patrol
94:46 Capped Ram
110:38 Pikeman
111:20 Squires
111:05 Arson
111:23 Scale Mail Armor
131:26 Halberdier
132:40 Chain Mail Armor
136:54 Chain Mail Armor
136:02 Halberdier
141:21 Plate Mail Armor
141:52 Onager
Connection lost

Rejoining the realm…

Still unreachable

The connection could not be restored.

Session expired

The server has moved on; the page needs a fresh start.